 Dungeon Crawl Stone Soup version 0.21.1-1-g345015f (webtiles) character file.

50 kae the Insei (level 3, 0/23 HPs)
             Began as an Octopode Transmuter on June 11, 2018.
             Slain by Natasha (5 damage)
             ... on level 2 of the Dungeon.
             The game lasted 00:01:23 (903 turns).

kae the Insei (Octopode Transmuter)                  Turns: 903, Time: 00:01:24

Health: 0/23       AC:  2    Str:  9    XL:     3   Next: 79%
Magic:  3/6        EV: 20    Int: 15    God:
Gold:   59         SH:  0    Dex: 18    Spells: 0/6 levels left

rFire    . . .     SeeInvis .     - Unarmed
rCold    . . .     Gourm    .   (shield currently unavailable)
rNeg     . . .     Faith    .   (helmet currently unavailable)
rPois    x         Spirit   .   (no amulet)
rElec    .         Reflect  .   (no ring)
rCorr    .         Harm     .   (no ring)
MR       .....                  (no ring)
Stlth    ++........             (no ring)
HPRegen  0.07/turn              (no ring)
MPRegen  0.10/turn              (no ring)
                                (no ring)
                                (no ring)

@: spider-form (expiring)
A: tiny, almost no armour, stealthy swim, (amphibious), 8 rings, (constrict 8)
a: End Transformation


You were on level 2 of the Dungeon.
You were not hungry.
You were a venomous arachnid creature.
You visited 1 branch of the dungeon, and saw 2 of its levels.

You collected 59 gold pieces.

Inventory:

Missiles
 a - 12 arrows
Scrolls
 d - a scroll of fog {unknown}
 e - 2 scrolls of identify {unknown}
 f - 2 scrolls of remove curse {unknown}
Potions
 g - a potion of curing {unknown}
Books
 b - a book of Changes

   Spells                             Type                      Level
   a - Beastly Appendage              Transmutation                1
   b - Sticks to Snakes               Transmutation                2
   c - Spider Form                    Transmutation/Poison         3
   d - Ice Form                       Ice/Transmutation            4
   e - Blade Hands                    Transmutation                5
Comestibles
 c - 2 rations
 h - 2 chunks of flesh


   Skills:
 + Level 1.5 Fighting
 + Level 2.3 Dodging
 * Level 3.6 Unarmed Combat
 + Level 2.4 Spellcasting
 + Level 2.3 Transmutations


You couldn't memorise any spells.
You knew the following spells:

 Your Spells              Type           Power        Failure   Level  Hunger
a - Beastly Appendage     Tmut           #.....       22%         1    #......
b - Sticks to Snakes      Tmut           #.......     28%         2    ###....
c - Spider Form           Tmut/Pois      #.........   58%         3    ###....


Dungeon Overview and Level Annotations

Branches:
Dungeon (2/15)

Altars:

Annotations:
D:2 Natasha


Innate Abilities, Weirdness & Mutations

You cannot wear most types of armour.
You are very stealthy in the water. (Stealth+)
((You are amphibious.))
You can wear up to eight rings at the same time.
((You can use your tentacles to constrict eight enemies at once.))
((Your skin changes colour to match your surroundings (Stealth+).))
((Your rubbery body absorbs attacks. (AC +1, EV +1)))


Message History

h - 2 chunks of flesh
Casting: Beastly Appendage
Confirm with . or Enter, or press ? or * to list all spells.
You turn into a venomous arachnid creature.
Your transformation is almost over.
Natasha hisses angrily.
You barely miss Natasha. Natasha claws you.
You closely miss Natasha. Natasha casts a spell at you.
The magic dart hits you!
You closely miss Natasha. Natasha claws you.
You are too injured to fight recklessly!
You are too injured to fight recklessly!
You are too injured to fight recklessly!
You are too injured to fight recklessly!
You are too injured to fight recklessly!
You hit Natasha but do no damage.
Natasha is poisoned.
Natasha claws you.
* * * LOW HITPOINT WARNING * * *
You hit Natasha but do no damage.
Natasha looks even sicker.
Natasha claws you.
You die...

#. .... ..## #.##.......
#......#..# ..#.....###
.. ....#....# .###
#.......#.. ...#
#.........# ...##
###..sh# #...#
#....#..#..#######.#.#
#....##.##.........##.#..
..## #.####### #...<.##
#..# #......> ##.#
#....)..
##.#########.......
#....#....)........
#......#####.......


You could see Natasha.

Vanquished Creatures
  An adder (D:2)
  A dart slug (D:1)
  A ball python (D:1)
  6 bats (D:1)
  2 giant cockroaches
  2 hobgoblins (D:1)
  4 jackals (D:1)
  2 frilled lizards (D:1)
  5 goblins
  15 rats (D:1)
39 creatures vanquished.

Notes
Turn   | Place    | Note
-------+----------+-------------------------------------------
     0 | D:1      | kae the Octopode Transmuter began the quest for the Orb.
     0 | D:1      | Reached XP level 1. HP: 13/13 MP: 3/3
    51 | D:1      | Reached XP level 2. HP: 18/18 MP: 3/5
   370 | D:1      | Reached XP level 3. HP: 21/23 MP: 4/6
   375 | D:1      | Learned a level 2 spell: Sticks to Snakes
   379 | D:1      | Learned a level 3 spell: Spider Form
   824 | D:2      | Noticed Natasha
   903 | D:2      | Slain by Natasha

Action                   || total
-------------------------++-------
Melee: Unarmed           ||    74
       Constrict         ||    24
       Tentacles         ||    10
       Kick              ||    14
 Cast: Beastly Appendage ||    16
       Spider Form       ||     1
 Stab: Sleeping          ||     5
Armor: Skin              ||     4
Dodge: Dodged            ||    41
